 Dungeon Crawl Stone Soup version 0.28-a0-1638-g9123634e07 (webtiles) character file.

Game seed: 1918452316523359681

4392 croobank the Firebug (level 10, -1/62 HPs)
             Began as a Pale Draconian Fire Elementalist on Jan 25, 2022.
             Was a Believer of Hepliaklqana.
             Shot with an arrow by a centaur (11 damage)
             ... on level 9 of the Dungeon on Jan 26, 2022.
             The game lasted 00:41:32 (9123 turns).

croobank the Firebug (DrFE)                         Turns: 9123, Time: 00:41:33

Health: -1/62      AC: 12    Str: 10    XL:     10   Next: 13%
Magic:  6/18       EV: 14    Int: 20    God:    Hepliaklqana [**....]
Gold:   369        SH:  5    Dex: 18    Spells: 8/20 levels left

rFire   . . .      SeeInvis .   a - +1 morningstar (flame)
rCold   . . .      Faith    .   (no shield)
rNeg    . . .      Spirit   .   (armour unavailable)
rPois   .          Reflect  +   (helmet restricted)
rElec   .          Harm     .   w - +0 cloak
rCorr   .          Rampage  .   (no gloves)
Will    .....                   (no boots)
Stlth   +++.......              m - amulet of reflection
HPRegen 0.20/turn               y - +6 ring of dexterity
MPRegen 0.16/turn               s - +4 ring of protection

@: no status effects
A: reduced essence, breathe steam, AC +7, unfitting armour, cold-blooded, steam
resistance
a: Breathe Steam, Renounce Religion, Recall Ancestor, Ancestor Identity


You were on level 9 of the Dungeon.
You worshipped Hepliaklqana.
Hepliaklqana was pleased with you.
You visited 2 branches of the dungeon, and saw 10 of its levels.

You collected 499 gold pieces.
You spent 130 gold pieces at shops.

Inventory:

Hand Weapons
 a - a +1 morningstar of flaming (weapon)
 b - a +0 vorpal hunting sling
 i - a +0 short sword
 j - a +0 long sword
 n - a +2 short sword of speed
 p - a +3 falchion
 u - a +1 dagger of speed
 v - a +1 hand axe of flaming
 C - a +1 short sword of venom
Missiles
 f - 4 javelins (quivered)
 h - 2 throwing nets
 k - 83 arrows
 o - 15 poisoned darts
 q - 237 stones
Armour
 w - a +0 cloak (worn)
Magical Staves
 B - a staff of cold
Jewellery
 c - an amulet of faith
 d - a ring of flight
 m - an amulet of reflection (around neck)
 s - a +4 ring of protection (right hand)
 y - a +6 ring of dexterity (left hand)
Wands
 t - a wand of acid (9)
Scrolls
 x - 2 scrolls of brand weapon
 D - a scroll of fear
 F - a scroll of enchant weapon {unknown}
 G - 2 scrolls of magic mapping {unknown}
Potions
 e - a potion of magic
 g - 2 potions of lignification
 l - 2 potions of attraction
 r - 4 potions of heal wounds
 z - 3 potions of mutation
 A - 3 potions of flight
 E - a potion of resistance {unknown}


   Skills:
 - Level 4.2 Maces & Flails
 - Level 4.6 Dodging
 + Level 6.3 Stealth
 + Level 5.9 Spellcasting
 + Level 6.0 Conjurations
 + Level 3.0 Hexes
 + Level 7.5 Fire Magic
 + Level 3.4 Ice Magic


You had 8 spell levels left.
You knew the following spells:

 Your Spells              Type           Power      Damage    Failure   Level
a - Foxfire               Conj/Fire      100%       2x1d9     1%          1
b - Scorch                Fire           70%        2d9       1%          2
c - Flame Wave            Conj/Fire      33%        2d8       6%          4
d - Ensorcelled Hibernat  Hex/Ice        38%        N/A       4%          2
e - Frozen Ramparts       Ice            38%        1d5       8%          3

Your spell library contained the following spells:

 Spells                   Type           Power      Damage    Failure   Level
 Conjure Flame            Conj/Fire      33%        6-21      1%          3
 Freeze                   Ice            76%        1d9       2%          1
 Inner Flame              Hex/Fire       27%        N/A       3%          3
 Static Discharge         Conj/Air       18%        N/A       4%          2
 Sticky Flame             Conj/Fire      33%        2d5       6%          4
 Stone Arrow              Conj/Erth      36%        3d9       9%          3
 Sandblast                Erth           10%        2d5       11%         1
 Hailstorm                Conj/Ice       25%        3d7       14%         4
 Corpse Rot               Necr/Air       10%        N/A       16%         2
 Passwall                 Tmut/Erth      4%         N/A       16%         2
 Poisonous Vapours        Pois/Air       10%        N/A       16%         2
 Swiftness                Air            5%         N/A       32%         3
 Animate Dead             Necr           2%         N/A       71%         4
 Dispel Undead            Necr           5%         3d7       71%         4
 Borgnjor's Vile Clutch   Necr/Erth      2%         N/A       96%         5
 Conjure Ball Lightning   Conj/Air       9%         3x3d6     99%         6
 Death Channel            Necr           2%         N/A       100%        6
 Discord                  Hex            9%         N/A       100%        8
 Disjunction              Tloc           2%         N/A       100%        8


Dungeon Overview and Level Annotations

Branches:
Dungeon (9/15)             Temple (1/1) D:4
   Lair: D:8-11         Orc: D:9-12

Altars:
Ashenzari
Cheibriados
Dithmenos
Elyvilon
Gozag
Hepliaklqana
Makhleb
Okawaru
Qazlal
Ru
Trog
Uskayaw
Wu Jian
Xom
Yredelemnul

Shops:
D:2 *   D:4 !

Annotations:
D:4 1 runed translucent door, frimble's ghost, amateur DsWr
D:8 2 transporters


Innate Abilities, Weirdness & Mutations

Your life essence is reduced to manifest your ancestor. (-10% HP)
You can breathe blasts of scalding, opaque steam.
Your pale cyan-grey scales are hard. (AC +7)
You cannot fit into any form of body armour.
You are cold-blooded and may be slowed by cold attacks.
You are immune to the effects of steam.


Message History

Casting: Foxfire (safe; 1% risk of failure)
Confirm with . or Enter, or press ? or * to list all spells.
Flames lash the yak.
The yak is severely wounded.
The yak's fire resistance burns away.
The foxfire hits the wyvern.
The wyvern is heavily wounded.
The foxfire hits the wyvern.
The wyvern is severely wounded.
The wyvern barely misses you.
The centaur hits you but does no damage.
The centaur closely misses you. The wyvern bites you!
The wyvern bites you but does no damage.
The centaur hits you but does no damage.
The centaur kicks you but does no damage.
The wyvern bites you.
Your limbs are stiffening.
As you read the scroll of fear, it crumbles to dust.
You assume a fearsome visage.
The basilisk looks frightened!
The wyvern looks frightened!
The yak looks frightened!
The wyvern looks frightened!
The centaur looks frightened!
You have turned to stone.
Cornered, the centaur turns to fight!
The centaur wields a +0 shortbow.
The centaur shoots an arrow.
The arrow hits you!
The yak is no longer more vulnerable to fire.
The centaur shoots an arrow.
The arrow hits you but does no damage.
The centaur shoots an arrow.
The arrow hits you.
The centaur shoots an arrow.
The arrow hits you!
* * * LOW HITPOINT WARNING * * *
The centaur shoots an arrow.
The arrow hits you.
* * * LOW HITPOINT WARNING * * *
The centaur shoots an arrow.
The arrow barely misses you.
The centaur shoots an arrow.
The arrow hits you but does no damage.
The centaur shoots an arrow.
The arrow barely misses you.
You turn to flesh and can move again.
Casting: Scorch (safe; 1% risk of failure)
Confirm with . or Enter, or press ? or * to list all spells.
You conjure some foxfire!
The centaur shoots an arrow.
The arrow hits you.
* * * LOW HITPOINT WARNING * * *
The centaur shoots an arrow.
The arrow hits you!
You die...

. P. ...##########
......... ..#
......v.# #.#
......v@###.##
.............#
l.......###..##
P..#..........# ..
#......#...#####.#
.
#c#.##............
###. ###.#.####..#
####.####.#†#
..........#.#


You could see a wyvern and a centaur (ally target).

Vanquished Creatures
  Prince Ribbit (D:7)
  Sigmund (D:6)
  Eustachio (D:4)
  An acid dragon (D:8)
  3 water moccasins
  2 ice beasts
  An orc warrior (D:8)
  A necrophage (D:7)
  A sky beast (D:7)
  2 black bears
  2 centaurs
  4 ogres
  3 phantoms
  A kobold brigand (D:6)
  2 bullfrogs
  2 scorpions
  2 killer bees (D:8)
  A howler monkey (D:6)
  A bullfrog zombie (D:7)
  2 jellies
  A hound (D:7)
  2 orc priests
  A bullfrog skeleton (D:6)
  An iguana (D:6)
  2 centaur skeletons (D:7)
  4 orc wizards
  A hound skeleton (D:4)
  A howler monkey skeleton (D:6)
  5 adders
  5 gnolls
  A shadow imp (D:5)
  3 white imps
  A worm (D:2)
  23 orcs
  6 endoplasms
  2 giant cockroaches
  5 goblins
  4 hobgoblins
  12 kobolds
  3 quokkas
  11 ball pythons
  7 bats
  9 frilled lizards
  5 rats
149 creatures vanquished.

Vanquished Creatures (collateral kills)
  Pikel (D:6)
  An orc warrior (D:8)
  A necrophage (D:6)
  A gnoll sergeant (D:8)
  A bullfrog (D:7)
  A water moccasin skeleton (D:6)
  2 killer bees (D:8)
  A centaur zombie (D:8)
  2 hounds (D:6)
  2 orc wizards
  A howler monkey zombie (D:8)
  2 gnolls (D:8)
  An ufetubus (D:5)
  2 orcs
  A kobold (D:6)
20 creatures vanquished.

Vanquished Creatures (others)
  2 battlemagi
  3 ancestors
  232 foxfires
237 creatures vanquished.

Grand Total: 406 creatures vanquished

Notes
Turn   | Place    | Note
-------+----------+-------------------------------------------
     0 | D:1      | croobank the Draconian Fire Elementalist began the quest
                  | for the Orb.
     0 | D:1      | Reached XP level 1. HP: 14/14 MP: 3/3
   244 | D:1      | Reached XP level 2. HP: 20/20 MP: 3/5
   247 | D:1      | Learned a level 2 spell: Scorch
  1311 | D:2      | Reached XP level 3. HP: 26/26 MP: 4/6
  1872 | D:2      | Found Afek Och's General Store.
  2043 | D:2      | Reached XP level 4. HP: 33/33 MP: 5/7
  2411 | D:3      | Found a faded altar of an unknown god.
  2950 | D:3      | Found a stormy altar of Qazlal.
  3166 | D:4      | Reached XP level 5. HP: 19/38 MP: 2/9
  3411 | D:4      | Noticed Eustachio
  3412 | D:4      | Noticed a phantom
  3682 | D:4      | Killed a phantom
  3683 | D:4      | Reached skill level 1 in Maces & Flails
  3988 | D:4      | Killed Eustachio
  3989 | D:4      | Reached skill level 4 in Fire Magic
  3989 | D:4      | Reached XP level 6. HP: 45/45 MP: 3/10
  3993 | D:4      | Found a runed translucent door.
  3996 | D:4      | Noticed frimble's ghost (amateur DsWr)
  4081 | D:4      | Found Morer Kyafi's Distillery.
  4084 | D:4      | Bought a potion of heal wounds for 65 gold pieces
  4084 | D:4      | Bought a potion of heal wounds for 65 gold pieces
  4132 | D:4      | Found a staircase to the Ecumenical Temple.
  4176 | Temple   | Entered the Ecumenical Temple
  4199 | Temple   | Became a worshipper of Hepliaklqana the Forgotten
  4353 | D:4      | Your scales start taking on a pale cyan-grey colour.
  4353 | D:4      | Reached XP level 7. HP: 45/50 MP: 2/12
  4353 | D:4      | Gained mutation: You are immune to the effects of steam.
                  | [Pale Draconian growth]
  4475 | D:4      | Found a shadowy altar of Dithmenos.
  4771 | D:5      | Entered Level 5 of the Dungeon
  4856 | D:5      | Found a shimmering altar of Xom.
  4952 | D:5      | Reached * piety under Hepliaklqana
  4975 | D:5      | Reached skill level 5 in Fire Magic
  5118 | D:5      | Learned a level 4 spell: Flame Wave
  5121 | D:5      | Learned a level 2 spell: Ensorcelled Hibernation
  5570 | D:6      | Noticed Pikel
  5591 | D:6      | Killed Pikel
  5592 | D:6      | Reached XP level 8. HP: 19/51 MP: 2/14
  5804 | D:6      | Reached skill level 6 in Fire Magic
  5809 | D:6      | Noticed Sigmund
  5946 | D:6      | Reached skill level 5 in Stealth
  6089 | D:6      | Found a white marble altar of Elyvilon.
  6110 | D:6      | Reached XP level 9. HP: 55/55 MP: 12/16
  6114 | D:6      | Learned a level 3 spell: Frozen Ramparts
  6212 | D:6      | Identified the +1 leather armour of Nayd {Int+3}
  6320 | D:6      | Killed Sigmund
  6321 | D:6      | Reached skill level 5 in Conjurations
  6321 | D:6      | Reached skill level 1 in Ice Magic
  6466 | D:6      | Found an iron altar of Okawaru.
  6492 | D:6      | Reached skill level 1 in Hexes
  6572 | D:6      | Reached skill level 5 in Spellcasting
  6882 | D:7      | Noticed Prince Ribbit
  7137 | D:7      | Killed Prince Ribbit
  7375 | D:7      | Reached skill level 7 in Fire Magic
  7880 | D:7      | Reached ** piety under Hepliaklqana
  7881 | D:7      | Remembered your ancestor Andrew Joseph as a battlemage
  7940 | D:8      | Found a burning altar of Makhleb.
  8330 | D:8      | Found a broken altar of Ashenzari.
  8332 | D:8      | Noticed a cyclops
  8335 | D:8      | Found a transporter.
  8345 | D:8      | Found a transporter.
  8398 | D:8      | Found a bloodstained altar of Trog.
  8430 | D:8      | Reached XP level 10. HP: 62/62 MP: 14/18
  9123 | D:9      | Shot with an arrow by a centaur

Illustrated notes

Levels and vault maps discovered:
D:1:      minmay_arrival_wavy_path, layout_loops_ring
D:2:      layout_loops_ring, serial_shops, nicolae_shop_advertising_works
          [nicolae_subvault_shop_adworks]
D:3:      layout_loops_cross, mainiacjoe_overflow_six_doors_small,
          shapermc_ecumenical_altar_hornbeckon
D:4:      layout_basic, nicolae_dithmenos_through_a_glass_darkly,
          minmay_temple_entry_junction, ebering_ghost_sewer_d, serial_shops,
          kennysheep_mini, uniq_eustachio
D:5:      layout_gridville, mainiacjoe_overflow_catwalk
D:6:      layout_basic, elyvilon_altar_3, okawaru_ov_weapons_minmay, uniq_pikel,
          uniq_sigmund
D:7:      layout_cave_pools, uniq_prince_ribbit1
D:8:      layout_loops_ring, mainiacjoe_overflow_paths,
          gammafunk_temple_overflow_arena, trog_book
D:9:      layout_loops_ring, fedhas_altar_fruit_tree, david_lair_generic,
          kennysheep_orc_monster_closet_entryway
Temple:   compressed_dpeg_triangle_lava_temple

Skill      XL: |  1  2  3  4  5  6  7  8  9 10 |
---------------+-------------------------------+-----
Stealth        | 2 3 4 5 6 |  6.3
Dodging        | 2 3 4 |  4.6
Conjurations   | 2 3 4 5 6 |  6.0
Maces & Flails | 1 2 3 4 |  4.2
Spellcasting   | 3 4 5 |  5.9
Fire Magic     | 4 5 6 7 |  7.5
Ice Magic      | 3 |  3.4
Hexes          | 2 3 |  3.0

Action                   |  1- 3 |  4- 6 |  7- 9 | 10-12 || total
-------------------------+-------+-------+-------+-------++-------
Melee: Unarmed           |    43 |       |       |       ||    43
       Tailslap          |    10 |     5 |     9 |       ||    24
       Long sword        |    10 |     2 |       |       ||    12
       Morningstar       |       |    45 |    58 |       ||   103
       Short sword       |       |     3 |       |       ||     3
       Punch             |       |     1 |     2 |       ||     3
 Fire: Hunting sling     |       |       |     2 |       ||     2
 Cast: Foxfire           |    42 |    27 |    66 |     6 ||   141
       Scorch            |    10 |    24 |    73 |    17 ||   124
       Frozen Ramparts   |       |       |     1 |       ||     1
       Flame Wave        |       |       |       |     1 ||     1
Invok: Ancestor Identity |       |       |     1 |       ||     1
       Ancestor Life: Ba |       |       |     1 |       ||     1
 Abil: Breathe Steam     |       |       |    11 |     1 ||    12
  Use: Scroll            |       |     4 |     6 |     1 ||    11
       Potion            |       |     4 |     1 |       ||     5
 Stab: Sleeping          |     2 |       |       |       ||     2
       Distracted        |       |       |     1 |       ||     1
Armor: Skin              |    16 |    76 |    26 |    12 ||   130
Dodge: Dodged            |    47 |    83 |    54 |     7 ||   191
Block: Other             |       |     3 |    12 |     4 ||    19

Table legend: (Time is in decaauts)
 A = Elapsed time spent in this place.
 B = Non-inter-level travel time spent in this place.
 C = Inter-level travel time spent in this place.
 D = Time resting spent in this place.
 E = Time spent auto-exploring this place.
 F = Levels seen in this place.
 G = Mean time per level.
                   A        B        C        D        E       F      G
               +--------+--------+--------+--------+--------+-----+--------+
         Total |   9148 |   8925 |    223 |   1034 |   6145 |  10 |  914.8 |
       Dungeon |   9106 |   8901 |    205 |   1034 |   6135 |   9 | 1011.8 |
        Temple |     41 |     23 |     18 |      0 |     10 |   1 |   41.0 |
               +--------+--------+--------+--------+--------+-----+--------+

Top non-repeatable levels by time:
     D:4: 1681 daAuts
     D:1: 1300 daAuts
     D:6: 1241 daAuts
     D:8: 1144 daAuts
     D:5: 1035 daAuts
     D:2: 1025 daAuts
     D:7: 865 daAuts
     D:3: 742 daAuts
     D:9: 69 daAuts
  Temple: 41 daAuts
